 Dungeon Crawl Stone Soup version 0.31-a0-931-g7b59d4eb97 (webtiles) character file.

Game seed: 5912640367988722898

35281 DocEon the Tortoise (level 13, -7/177 HPs)
             Began as an Armataur Fighter on Oct 19, 2023.
             Was an Initiate of Gozag.
             Mangled by an elephant (14 damage)
             ... on level 5 of the Lair of Beasts.
             The game lasted 00:12:21 (16719 turns).

DocEon the Tortoise (Armataur Fighter)             Turns: 16719, Time: 00:12:22

Health: -7/177     AC: 22    Str: 29    XL:     13   Next: 46%
Magic:  22/22      EV:  6    Int: 10    God:    Gozag
Gold:   2618       SH:  7    Dex: 15    Spells: 12/12 levels left

rFire   + . .        j - +9 hammer of Departure {venom, MP+9}
rCold   + . .        c - +0 buckler
rNeg    . . .        e - +0 plate armour of the Haunted God {rC+ Slay+2}
rPois   +            N - +1 helmet
rElec   .            k - +1 cloak
rCorr   .            f - +0 pair of gloves
SInv    +            (no barding)
Will    .....        q - amulet "Alushir" {Acrobat rPois rF+ Dex+3} Stlth
                     y - ring of see invisible
HPRegen 0.49/turn    H - +6 ring of strength
MPRegen 0.18/turn

%: acrobat, roll
@: mighty, berserking (expiring), gold aura, hasted, very quick
A: large, rugged brown scales 3, deformed body, armoured tail, roll, long
tongue, awkward tongue
a: Renounce Religion, Potion Petition, Call Merchant, Bribe Branch


You were on level 5 of the Lair of Beasts.
You worshipped Gozag.
Gozag was most pleased with you.
You visited 3 branches of the dungeon, and saw 17 of its levels.

You collected 3048 gold pieces.
You paid 430 gold pieces to Gozag.

Inventory:

Hand Weapons
 a - a +1 spectral flail
 j - the +9 hammer of Departure (weapon) {venom, MP+9}
   (You found it on level 3 of the Dungeon)

   MP+9:      It affects your magic capacity (+9).
Armour
 c - a +0 buckler (worn)
 e - the +0 plate armour of the Haunted God (worn) {rC+ Slay+2}
   (You acquired it on level 3 of the Dungeon)

   Slay+2:    It affects your accuracy & damage with ranged weapons and melee
   (+2).
   rC+:       It protects you from cold.
 f - a +0 pair of gloves (worn)
 k - a +1 cloak (worn)
 N - a +1 helmet (worn)
Jewellery
 m - a ring of ice
 o - an amulet of magic regeneration
 q - the amulet "Alushir" (around neck) {Acrobat rPois rF+ Dex+3}
   (You found it on level 4 of the Dungeon)

   [amulet of the acrobat]

   Acrobat:   It increases your evasion while moving and waiting.
   Dex+3:     It affects your dexterity (+3).
   rF+:       It protects you from fire.
   rPois:     It protects you from poison
 y - a ring of see invisible (left hand)
 H - a +6 ring of strength (right hand)
Wands
 l - a wand of mindburst (11)
 w - a wand of paralysis (7)
 D - a wand of flame (73)
 F - a wand of iceblast (9)
Scrolls
 b - 2 scrolls of fog
 n - a scroll of noise
 s - 4 scrolls of amnesia
 t - a scroll of enchant armour
 u - 4 scrolls of revelation
 x - 6 scrolls of teleportation
 A - 2 scrolls of immolation
 B - 2 scrolls of blinking
 C - 5 scrolls of enchant weapon
 G - 2 scrolls of torment
 I - 3 scrolls of brand weapon
Potions
 d - 2 potions of might
 g - 5 potions of curing
 h - 3 potions of invisibility
 i - 2 potions of ambrosia
 p - 2 potions of lignification
 r - a potion of cancellation
 v - 3 potions of haste
 z - a potion of resistance {unknown}
 E - 6 potions of attraction
 J - a potion of enlightenment {unknown}
 L - a potion of magic {unknown}
 M - 2 potions of mutation {unknown}
 O - a potion of brilliance {unknown}


   Skills:
 + Level 9.0 Fighting
 - Level 14.0 Maces & Flails
 * Level 15.7 Armour
 - Level 10.0 Shields


You had 12 spell levels left.
You didn't know any spells.
Your spell library contained the following spells:

 Spells                   Type           Power      Damage    Failure   Level
 Apportation              Tloc           0%         N/A       93%         1
 Kiss of Death            Conj/Necr      0%         2d5       93%         1
 Magic Dart               Conj           0%         1d3       93%         1
 Necrotise                Necr           0%         1d4       93%         1
 Summon Small Mammal      Summ           0%         N/A       93%         1
 Blink                    Tloc           0%         N/A       98%         2
 Call Imp                 Summ           0%         N/A       98%         2
 Lesser Beckoning         Tloc           0%         N/A       98%         2
 Momentum Strike          Conj/Tloc      0%         3d8       98%         2
 Call Canine Familiar     Summ           0%         N/A       100%        3
 Confusing Touch          Hex            0%         N/A       100%        3
 Mephitic Cloud           Conj/Pois/Air  0%         N/A       100%        3
 Sigil of Binding         Hex            0%         N/A       100%        3
 Summon Guardian Golem    Hex/Summ       0%         N/A       100%        3
 Tukima's Dance           Hex            0%         N/A       100%        3
 Dimensional Bullseye     Hex/Tloc       0%         N/A       100%        4
 Dispel Undead            Necr           0%         3d6       100%        4
 Leda's Liquefaction      Hex/Erth       0%         N/A       100%        4
 Passage of Golubria      Tloc           0%         N/A       100%        4
 Yara's Violent Unravell  Hex/Tmut       0%         3d3       100%        5


Dungeon Overview and Level Annotations

Branches:
Dungeon (11/15)            Temple (1/1) D:7            Lair (5/5) D:8
 Shoals (0/4) Lair:2        Snake (0/4) Lair:3        Slime (0/5) Lair:4
    Orc (0/2) D:11

Altars:
Ashenzari
Cheibriados
Dithmenos
Elyvilon
Fedhas
Gozag
Hepliaklqana
Kikubaaqudgha
Makhleb
Nemelex Xobeh
Okawaru
Qazlal
Ru
Sif Muna
Trog
Uskayaw
Vehumet
Wu Jian
Xom
Yredelemnul
Zin
The Shining One
Jiyva

Portals:
Trove: D:11 (give 2 scrolls of acquirement)
Ice
Cave: Lair:5

Annotations:
D:3 3 runed translucent doors, bchevrier's ghost, amateur GnWn


Innate Abilities, Weirdness & Mutations

You are completely covered in rugged brown scales. (AC +3, +7% HP)
Armour fits poorly on your strangely shaped body.
You have a long armoured tail.
You roll when moving toward enemies. (Rampage)
Your long tongue fully drains potion bottles. (2x potion effects)
Your tongue gives you trouble enunciating. (1.5x scroll delay)


Message History

The elephant trunk-slaps you but does no damage.
You bludgeon the elephant!!
The elephant looks as sick as possible!
The elephant is moderately wounded.
You bludgeon the elephant!!
The elephant looks as sick as possible!
The elephant is severely wounded.
The wyvern is no longer distracted by gold.
You bludgeon the death yak!!
The death yak is moderately wounded.
You sock the death yak!
The death yak looks as sick as possible!
The death yak is heavily wounded.
You barely miss the death yak.
The death yak is heavily wounded.
You thump the death yak!
The death yak looks as sick as possible!
Your tail-slap misses the death yak.
The death yak is severely wounded.
The death yak gores you!
* * * LOW HITPOINT WARNING * * *
You block the elephant's attack. x2
You barely miss the death yak.
The death yak is severely wounded.
You bludgeon the death yak!!
The death yak looks as sick as possible!
The death yak is almost dead.
You barely miss the death yak.
The death yak is almost dead.
You kill the death yak!
You block the elephant's attack. x2
Your Fighting skill increases to level 9!
You sock the elephant!
The elephant is poisoned.
You tail-slap the elephant.
The elephant is lightly wounded.
You bludgeon the elephant!!
The elephant looks as sick as possible!
The elephant is heavily wounded.
You hear the quick crackling of a melting archway very nearby.
The elephant barely misses you.
The elephant trunk-slaps you but does no damage.
The elephant tramples you!
You die...
Your body crumbles into a pile of gold.

,,,,*,** **** **,,,,** *##..#
,*,,,,,* ##,...# **,,,,,*
#.....## *** ,,,,,,**
#..P...****#.** *** * ,,,,,**
#..#..#**,#...###.*** ,,*,,,*
####.)..* *#........,,, ,,,,***
#.P....#*##..Y......,,, ,,,,,*
#....#@###.#..Y...*.,,* ,,,,**
#...FYY#.#...#YY,..#,,, ,,,,,**
##P....YY..YY#.#Y..#****
,,,...#*##......#Y...#.∩Y#,,**
,,.....##......#...#$.#Y#....#
,.....PP##...#.........#..,.##
,.......#P..................,*
*.###...P.............#.#####****
,..##...........######.## ****8*


You could see 2 death yaks, 3 elephants and a blink frog.

Vanquished Creatures
  Josephine (Lair:2)
  4 hydras
  A two-headed ogre (D:11)
  A boulder beetle (Lair:1)
  8 death yaks
  3 skysharks (Lair:4)
  2 cyclopes (D:11)
  A deep elf pyromancer (D:7)
  2 elephants (Lair:5)
  5 black mambas
  Joseph (D:8)
  A merfolk siren (Lair:2)
  A torpor snail (Lair:4)
  5 cane toads
  4 komodo dragons
  3 trolls
  A hornet (D:10)
  A polar bear (Lair:4)
  A merfolk (Lair:2)
  6 blink frogs
  Grinder (D:6)
  3 dream sheep (Lair:4)
  A vampire (D:11)
  A shadow (D:10)
  The ghost of Brisketman the Ruffian, an amateur VSRe (D:4)
  4 wraiths
  53 yaks
  A basilisk (Lair:1)
  2 steam dragons
  3 nagas (Lair:3)
  Edmund (D:4)
  16 water moccasins
  3 orc warriors
  3 black bears
  2 ice beasts (D:7)
  A sky beast (D:8)
  2 ogres
  2 centaurs
  2 kobold brigands (D:9)
  A phantom (D:7)
  10 bullfrogs
  A gnoll sergeant (D:9)
  2 scorpions
  2 howler monkeys (D:8)
  10 killer bees
  An electric eel (Lair:2)
  A lava snake (D:7)
  Crazy Yiuf (D:3)
  6 hounds
  5 jellies
  6 orc priests
  3 orc wizards
  Natasha (thrice) (D:3)
  3 iguanas
  Robin (D:3)
  13 gnolls
  11 adders
  5 white imps
  2 ufetubi (D:5)
  2 worms
  25 orcs
  10 ball pythons
  10 endoplasms
  2 giant cockroaches (D:3)
  14 goblins
  7 hobgoblins
  11 jackals
  11 kobolds
  2 quokkas
  3 bats (D:1)
  A frilled lizard (D:1)
  4 rats (D:1)
343 creatures vanquished.

Notes
Turn   | Place    | Note
-------+----------+-------------------------------------------
     0 | D:1      | DocEon the Armataur Fighter began the quest for the Orb.
     0 | D:1      | Reached XP level 1. HP: 19/19 MP: 1/1
   257 | D:1      | Found a faded altar of an unknown god.
   350 | D:1      | Reached XP level 2. HP: 24/26 MP: 2/2
   949 | D:1      | You fall into a shaft and drop 1 floor!
  1053 | D:2      | Reached XP level 3. HP: 29/32 MP: 3/3
  1788 | D:3      | Found a runed translucent door.
  1789 | D:3      | Noticed Crazy Yiuf
  1791 | D:3      | Identified the +9 hammer of Departure {venom, MP+9}
  1799 | D:3      | Killed Crazy Yiuf
  1800 | D:3      | Reached XP level 4. HP: 22/39 MP: 4/4
  2016 | D:3      | Found a runed translucent gate.
  2016 | D:3      | Found a runed translucent gate.
  2019 | D:3      | Found a runed translucent gate.
  2019 | D:3      | Noticed bchevrier's ghost (amateur GnWn)
  2062 | D:3      | Noticed Natasha
  2066 | D:3      | Killed Natasha
  2067 | D:3      | Reached XP level 5. HP: 36/44 MP: 5/5
  2108 | D:3      | Identified the +5 dagger "Huegyug" {flame, Dex+4}
  2172 | D:3      | Reached skill level 5 in Maces & Flails
  2278 | D:3      | Noticed Robin
  2290 | D:3      | Killed Robin
  2506 | D:3      | Noticed Natasha
  2508 | D:3      | Killed Natasha
  2566 | D:3      | Noticed Natasha
  2572 | D:3      | Killed Natasha
  2603 | D:3      | Identified a scroll of acquirement
  2603 | D:3      | Acquired the +0 plate armour of the Haunted God {rC+
                  | Slay+2}
  2700 | D:4      | Reached XP level 6. HP: 53/53 MP: 6/6
  2962 | D:4      | Noticed Edmund
  3047 | D:4      | Killed Edmund
  3048 | D:4      | Reached XP level 7. HP: 46/59 MP: 7/7
  3134 | D:4      | Identified the amulet "Alushir" {Acrobat rPois rF+ Dex+3}
  3242 | D:4      | Found a runed translucent door.
  3248 | D:4      | Noticed Brisketman's ghost (amateur VSRe)
  3257 | D:4      | Killed Brisketman's ghost
  3291 | D:5      | Entered Level 5 of the Dungeon
  3323 | D:5      | Noticed a yak
  3323 | D:5      | Noticed a yak
  3323 | D:5      | Noticed a yak
  3323 | D:5      | Noticed a yak
  3323 | D:5      | Noticed a yak
  3326 | D:5      | Killed a yak
  3332 | D:5      | Killed a yak
  3333 | D:5      | Reached XP level 8. HP: 62/66 MP: 8/8
  3515 | D:5      | Identified the +0 ring mail of Vanity {Stlth+}
  3561 | D:5      | Reached skill level 10 in Maces & Flails
  3806 | D:5      | Noticed a troll
  3812 | D:5      | Killed a troll
  3813 | D:5      | Reached XP level 9. HP: 58/72 MP: 9/9
  4700 | D:6      | Noticed Grinder
  4707 | D:6      | Killed Grinder
  5130 | D:7      | Found a staircase to the Ecumenical Temple.
  5203 | Temple   | Entered the Ecumenical Temple
  5225 | Temple   | Became a worshipper of Gozag Ym Sagoz the Greedy
  5732 | D:7      | Noticed a deep elf pyromancer
  5743 | D:7      | Killed a deep elf pyromancer
  6125 | D:8      | Noticed a komodo dragon
  6142 | D:7      | Killed a komodo dragon
  6143 | D:7      | Reached XP level 10. HP: 23/79 MP: 10/10
  6427 | D:8      | Found a staircase to the Lair.
  6608 | D:8      | Noticed Joseph
  6619 | D:8      | Killed Joseph
  6620 | D:8      | Reached skill level 4 in Armour
  7522 | D:9      | Reached skill level 5 in Armour
  7540 | D:9      | Reached skill level 6 in Armour
  8432 | D:10     | Entered Level 10 of the Dungeon
  8534 | D:10     | Reached skill level 5 in Shields
  8617 | D:10     | Reached skill level 7 in Armour
  8794 | D:10     | Found a shimmering altar of Xom.
  8831 | D:10     | Reached XP level 11. HP: 90/90 MP: 11/11
  9199 | D:10     | Reached skill level 8 in Armour
  9516 | D:10     | Found a broken altar of Ashenzari.
  9516 | D:10     | Found an ancient bone altar of Kikubaaqudgha.
  9516 | D:10     | Found an iron altar of Okawaru.
  9517 | D:10     | Found a stormy altar of Qazlal.
  9598 | D:11     | Found a staircase to the Orcish Mines.
  9656 | D:11     | Found a blossoming altar of Fedhas.
  9820 | D:11     | Reached skill level 5 in Fighting
 10100 | D:11     | Reached skill level 9 in Armour
 10151 | D:11     | Found a portal to a secret trove of treasure.
 10204 | D:11     | Noticed a two-headed ogre
 10211 | D:11     | Killed a two-headed ogre
 10721 | Lair:1   | Entered Level 1 of the Lair of Beasts
 10781 | Lair:1   | Reached skill level 10 in Armour
 11333 | Lair:1   | Reached skill level 11 in Armour
 11413 | Lair:1   | Reached XP level 12. HP: 87/103 MP: 12/12
 11550 | Lair:1   | Noticed a boulder beetle
 11561 | Lair:1   | Killed a boulder beetle
 11777 | Lair:2   | You fall into a shaft and drop 1 floor!
 11848 | Lair:2   | Noticed a seven-headed hydra
 11855 | Lair:2   | Killed a seven-headed hydra
 12140 | Lair:2   | Noticed a seven-headed hydra
 12149 | Lair:2   | Killed a seven-headed hydra
 12150 | Lair:2   | Reached skill level 12 in Armour
 12716 | Lair:2   | Found a staircase to the Shoals.
 12829 | Lair:2   | Noticed a five-headed hydra
 12839 | Lair:2   | Killed a five-headed hydra
 13190 | Lair:3   | Noticed a seven-headed hydra
 13196 | Lair:3   | Killed a seven-headed hydra
 13520 | Lair:3   | Found a staircase to the Snake Pit.
 13824 | Lair:3   | Reached skill level 13 in Armour
 14320 | Lair:3   | Noticed Josephine
 14496 | Lair:2   | Killed Josephine
 15138 | Lair:4   | Found a viscous altar of Jiyva.
 15139 | Lair:4   | Found a staircase to the Slime Pits.
 15410 | Lair:4   | Reached skill level 14 in Armour
 15707 | Lair:4   | Reached XP level 13. HP: 114/114 MP: 13/13
 16263 | IceCv    | Identified the of Besiw Dau
 16263 | Lair:5   | Entered Level 5 of the Lair of Beasts
 16339 | Lair:4   | Reached skill level 10 in Shields
 16654 | Lair:5   | Found a frozen archway.
 16681 | Lair:5   | Reached skill level 15 in Armour
 16714 | Lair:5   | HP: 6/175 [death yak (17)]
 16719 | Lair:5   | Mangled by an elephant

Illustrated notes

Levels and vault maps discovered:
D:1:      elethiomel_arrival_maze, layout_loops_corners,
          hellmonk_ecumenical_altar_zigzags
D:2:      layout_rooms
D:3:      layout_loops_ring, biasface_ghost_orc_armoury,
          ebering_dispersal_statue_hall, minmay_surrounded, uniq_natasha,
          uniq_robin, uniq_crazy_yiuf_cottage
D:4:      cheibrodos_old_hovel, layout_basic, ebering_ghost_reflecting_pool,
          uniq_edmund
D:5:      minmay_thick_lines, layout_loops_corners, nicolae_tricolors
D:6:      layout_basic, uniq_grinder
D:7:      layout_rooms, minmay_temple_entry_crystal_x, grunt_decor_junction,
          hangedman_decor_points, hex_tiny, minmay_holes, minmay_crystal_room,
          minmay_gold_behind_fungi, guppyfry_early_elven_hall
D:8:      layout_cave_pools, due_lair_maze_entry_diamond, uniq_joseph
D:9:      layout_basic
D:10:     layout_gridville, minitemple
D:11:     layout_small_grid, minmay_orc_entry_temple_small,
          nicolae_trove_entry_columns, fedhas_altar_1
Temple:   nicolae_temple_bog_church
Lair:1:   layout_gridlike, grunt_megastairs_4
Lair:2:   wander_river, layout_cellular_growth, elwin_shoals_entry_rooms,
          lemuel_fruit_tree
Lair:3:   layout_small_grid, guppyfry_snake_entry_island, lemuel_fruit_fields,
          uniq_josephine
Lair:4:   layout_regular_city, slime_entry_2, chequers_serial_rivers_small_a
Lair:5:   cheibrodos_lair_end_hotspot, layout_misc_corridors,
          portal_ice_cave_entry_pillars_2, grunt_forest_small_clearing_treed

Skill      XL: |  1  2  3  4  5  6  7  8  9 10 11 12 13 |
---------------+----------------------------------------+-----
Maces & Flails | 2 3 4 5 7 8 10 13 14 | 14.0
Armour         | 7 11 14 15 | 15.7
Fighting       | 4 6 8 9 |  9.0
Shields        | 5 7 9 10 | 10.0

Action                     |  1- 3 |  4- 6 |  7- 9 | 10-12 | 13-15 || total
---------------------------+-------+-------+-------+-------+-------++-------
  Melee: Flail             |   121 |       |       |       |       ||   121
         Tailslap          |     9 |     9 |    20 |   104 |    40 ||   182
         Mace              |     5 |   110 |   164 |   604 |   130 ||  1013
 Invoke: Potion Petition   |       |       |       |       |     1 ||     1
  Evoke: Wand              |       |       |       |     2 |       ||     2
    Use: Scroll            |     7 |     5 |     5 |    10 |     3 ||    30
         Potion            |       |       |     2 |       |     4 ||     6
   Stab: Distracted        |       |       |       |     3 |     2 ||     5
 Armour: Scale mail        |   123 |    44 |       |       |       ||   167
         Plate armour      |       |    54 |   125 |   469 |   113 ||   761
  Dodge: Dodged            |    59 |    25 |    13 |   162 |    42 ||   301
  Block: Buckler           |    26 |    17 |    30 |   113 |    35 ||   221

Table legend: (Time is in decaauts)
 A = Elapsed time spent in this place.
 B = Non-inter-level travel time spent in this place.
 C = Inter-level travel time spent in this place.
 D = Time resting spent in this place.
 E = Time spent auto-exploring this place.
 F = Levels seen in this place.
 G = Mean time per level.
                   A        B        C        D        E       F      G
               +--------+--------+--------+--------+--------+-----+--------+
         Total |  16599 |  16063 |    536 |   3355 |  10438 |  17 |  976.4 |
       Dungeon |  10669 |  10291 |    378 |   1829 |   6940 |  11 |  969.9 |
        Temple |     42 |     23 |     19 |      0 |      0 |   1 |   42.0 |
          Lair |   5887 |   5749 |    138 |   1525 |   3498 |   5 | 1177.4 |
               +--------+--------+--------+--------+--------+-----+--------+

Top non-repeatable levels by time:
  Lair:3: 1846 daAuts
  Lair:2: 1532 daAuts
  Lair:4: 1454 daAuts
     D:7: 1344 daAuts
     D:9: 1270 daAuts
     D:1: 1173 daAuts
    D:10: 1111 daAuts
    D:11: 1024 daAuts
     D:3: 1003 daAuts
  Lair:1: 997 daAuts
     D:5: 992 daAuts
     D:6: 837 daAuts
     D:8: 730 daAuts
     D:2: 615 daAuts
     D:4: 566 daAuts
